 Dungeon Crawl Stone Soup version 0.19.1 (webtiles) character file.

39 JGreham the Skirmisher (level 3, -1/30 HPs)
             Began as a Formicid Chaos Knight on Dec 25, 2016.
             Slain by a hill giant
             ... wielding a +0 giant spiked club
              (18 damage)
             ... on level 11 of the Dungeon.
             The game lasted 00:04:50 (944 turns).

JGreham the Skirmisher (Formicid Chaos Knight)       Turns: 944, Time: 00:04:51

Health: -1/30      AC:  0    Str: 17    XL:     3   Next: 70%
Magic:  3/3        EV: 12    Int: 11    God:    Xom [.....*]
Gold:   97         SH:  0    Dex: 10    Spells: 0 memorised, 2 levels left

rFire  . . .     SeeInvis +     j - +0 scythe
rCold  . . .     Gourm    .     (no armour)
rNeg   . . .     Faith    .     (no shield)
rPois  .         Spirit   .     (helmet unavailable)
rElec  .         Reflect  .     (no cloak)
rCorr  .         Harm     .     (no gloves)
MR     .....                    (no boots)
Stlth  +++.......               (no amulet)
                                (no ring)
                                h - -2 ring of slaying (curse)

@: especially stealthy
A: permanent stasis, dig shafts and tunnels, four strong arms, antennae 3
a: Dig, Shaft Self, Renounce Religion


You were on level 11 of the Dungeon.
You worshipped Xom.
You were Xom's teddy bear.
You were not hungry.

You visited 1 branch of the dungeon, and saw 8 of its levels.

You collected 97 gold pieces.

Inventory:

Hand Weapons
 a - a +0 hand axe of chaos
 f - a +0 short sword
 j - a +0 scythe (weapon)
Armour
 b - a +2 leather armour
 k - a +0 robe
Jewellery
 h - a cursed -2 ring of slaying (left hand)
Scrolls
 d - 2 scrolls of teleportation
Potions
 e - a potion of degeneration {unknown}
 i - a potion of lignification {unknown}
Comestibles
 c - a bread ration
 g - a beef jerky


   Skills:
 + Level 3.8 Fighting
 + Level 3.5 Axes
 + Level 2.6 Armour
 + Level 1.2 Dodging


You had 2 spell levels left.
You didn't know any spells.

Dungeon Overview and Level Annotations

Branches:
Dungeon (9/15)
 Temple: D:4-7         Lair: D:8-11         Orc: D:9-12

Altars:
Xom


Innate Abilities, Weirdness & Mutations

You are under a permanent stasis effect.
You can dig through walls and to a lower floor.
Your four strong arms can wield two-handed weapons with a shield.
You have a pair of large antennae on your head. (SInv)


Message History

Why would you want to do that? Why would you want to do that?
Why would you want to do that? Why would you want to do that?
An iguana is nearby!
Number of times to repeat, then command key: You must enter the number of times for the command to repeat.
Why would you want to do that? Why would you want to do that?
Why would you want to do that? Why would you want to do that?
A hill giant comes into view. It is wielding a giant spiked club.
A hill giant comes into view. It is wielding a giant club.
You slash the hill giant!
The hill giant is lightly wounded.
The hill giant barely misses you.
The hill giant hits you with a giant spiked club!!
Ouch! That really hurt!
You die...
Xom howls with laughter!

#........P##
####........≈.#
#O§§.......§≈§#
#......§§≈##
§§#....§.≈≈§.#
.§§§....§≈§§§##
####.....≈≈≈≈#
#...§.≈≈§≈#
#.@..≈§####
#..C§§§#
#....≈≈#
......≈≈+ {
.......≈≈+
.......C.≈≈+ {
##.......≈§# {
#.......≈§#


You could see 2 hill giants.

Vanquished Creatures
  A dart slug (D:1)
  3 bats (D:1)
  3 goblins (D:1)
  5 hobgoblins (D:1)
  A ball python (D:1)
  4 kobolds (D:1)
  2 rats (D:1)
19 creatures vanquished.

Vanquished Creatures (others)
  Sigmund (D:3)
1 creature vanquished.

Grand Total: 20 creatures vanquished

Notes
Turn   | Place    | Note
-------+----------+-------------------------------------------
     0 | D:1      | JGreham the Formicid Chaos Knight began the quest for the Orb.
     0 | D:1      | Reached XP level 1. HP: 18/18 MP: 1/1
     3 | D:1      | Noticed an electric eel
   124 | D:1      | Reached XP level 2. HP: 24/24 MP: 2/2
   323 | D:1      | Reached skill level 1 in Dodging
   704 | D:1      | Reached XP level 3. HP: 30/30 MP: 3/3
   720 | D:1      | XOM: silly message
   889 | D:1      | XOM: scenery: create altars
   891 | D:1      | You fall through a shaft!
   894 | D:2      | You fall through a shaft!
   894 | D:3      | Noticed Sigmund
   900 | D:3      | Killed Sigmund
   900 | D:3      | XOM: divine lightning (protected)
   913 | D:3      | You fall through a shaft for 3 floors!
   913 | D:6      | XOM: stealth player
   913 | D:6      | Noticed a big kobold
   915 | D:6      | XOM: summons friendly white imp
   916 | D:6      | You fall through a shaft for 2 floors!
   916 | D:8      | Noticed a steam dragon
   919 | D:8      | You fall through a shaft!
   922 | D:9      | You fall through a shaft!
   922 | D:10     | Entered Level 10 of the Dungeon
   922 | D:10     | Noticed an orc warrior
   931 | D:10     | You fall through a shaft!
   931 | D:11     | Noticed an ogre
   939 | D:11     | Noticed a hill giant
   940 | D:11     | Noticed a hill giant
   944 | D:11     | Slain by a hill giant

Skill      XL: |  1  2 |
---------------+-------+-----
Dodging        | 1 |  1.2
Fighting       | |  3.8
Axes           | |  3.5
Armour         | |  2.6

Action                   || total
-------------------------++-------
Melee: Hand axe          ||    47
       Scythe            ||     1
 Abil: Shaft Self        ||     7
       Dig               ||     1
  Use: Scroll            ||     1
  Eat: Bread ration      ||     1
Armor: Leather armour    ||     9
Dodge: Dodged            ||    44
